 Dungeon Crawl Stone Soup version 0.19.0-19-g8c6edcc (webtiles) character file.

9242 Leszczynek the Cleaver (level 11, 0/129 HPs)
             Began as a Formicid Fighter on Nov 14, 2016.
             Was a Priest of Okawaru.
             Slain by an unseen horror (3 damage)
             ... on level 10 of the Dungeon.
             The game lasted 00:15:06 (10278 turns).

Leszczynek the Cleaver (Formicid Fighter)          Turns: 10278, Time: 00:15:07

Health: 0/129      AC: 25    Str: 23    XL:     11   Next: 70%
Magic:  19/20      EV:  2    Int:  7    God:    Okawaru [***...]
Gold:   588        SH: 13    Dex: 12    Spells: 0 memorised, 10 levels left

rFire  . . .     SeeInvis .     a - +1 war axe
rCold  . . .     Gourm    .     (armour currently unavailable)
rNeg   + + +     Faith    .     c - +0 shield
rPois  +         Spirit   .     (helmet unavailable)
rElec  .         Reflect  .     (cloak currently unavailable)
rCorr  .         Harm     .     (gloves currently unavailable)
MR     ++...                    (boots currently unavailable)
Stlth  +++.......               (no amulet)
                                (no ring)
                                s - ring of magical power

@: tree-form (expiring), heroism
A: permanent stasis, dig shafts and tunnels, four strong arms, (antennae 0),
(fire resistance 0), magic resistance 1, (electricity resistance)
a: Heroism, Renounce Religion


You were on level 10 of the Dungeon.
You worshipped Okawaru.
Okawaru was most pleased with you.
You were very hungry.
You were a tree.
You visited 2 branches of the dungeon, and saw 11 of its levels.
You also visited: Ossuary.

You collected 588 gold pieces.

Inventory:

Hand Weapons
 a - a +1 war axe (weapon)
Armour
 c - a +0 shield (worn)
 q - a +2 pair of boots (melded)
 D - a +0 cloak (melded)
 H - a +0 plate armour (melded)
Jewellery
 s - a ring of magical power (left branch)
Wands
 b - a wand of flame (16/48)
 f - a wand of slowing (25/48)
 n - a wand of iceblast (11/15)
 u - a wand of lightning (4/15)
 A - a wand of slowing (38/48)
 B - a wand of flame (30/48)
 C - a wand of flame (26/48)
 F - a wand of enslavement (10/24)
Scrolls
 k - 2 scrolls of identify
 l - 2 scrolls of enchant weapon
 v - 2 scrolls of remove curse
Potions
 e - 3 potions of flight
 g - a potion of ambrosia {unknown}
 i - 2 potions of cancellation
 j - a potion of brilliance {unknown}
 p - a potion of agility {unknown}
 w - a potion of degeneration {unknown}
 x - a potion of invisibility
 z - 3 potions of might
Comestibles
 d - 7 bread rations
 h - 3 meat rations
 r - 5 fruits
 t - 8 beef jerkies
 E - 9 royal jellies


   Skills:
 + Level 8.1(13.1) Fighting
 + Level 13.9(18.9) Axes
 - Level 5.6(10.6) Armour
 * Level 8.5(13.5) Shields


You had 10 spell levels left.
You didn't know any spells.

Dungeon Overview and Level Annotations

Branches:
Dungeon (10/15)            Temple (1/1) D:4            Lair (0/6) D:9
    Orc: D:9-12

Altars:
Cheibriados
Elyvilon
Fedhas
Hepliaklqana
Makhleb
Nemelex Xobeh
Okawaru
Qazlal
Trog
Uskayaw
Vehumet
Xom
Yredelemnul
Zin
The Shining One

Shops:
D:7 }


Innate Abilities, Weirdness & Mutations

You are under a permanent stasis effect.
You can dig through walls and to a lower floor.
Your four strong arms can wield two-handed weapons with a shield.
((You have a pair of large antennae on your head. (SInv)))
((Your flesh is heat resistant. (rF+)))
You are resistant to hostile enchantments. (MR+)
((You are resistant to electric shocks. (rElec)))


Message History

Unknown command.
You closely miss something. Something hits you.
* * * LOW HITPOINT WARNING * * *
You swing at nothing.
Something hits you but does no damage.
You closely miss something. Something hits you but does no damage.
You hit the worker ant zombie. Something hits you.
* * * LOW HITPOINT WARNING * * *
You slash the worker ant zombie!
The worker ant zombie is heavily damaged.
You miss something. Something hits you but does no damage.
The worker ant zombie bites you but does no damage.
You slash the worker ant zombie!
The worker ant zombie is almost destroyed.
Something hits you but does no damage.
You block the worker ant zombie's attack.
You slash the worker ant zombie!
You destroy the worker ant zombie!
Okawaru accepts your kill.
You slash something! Something hits you but does no damage. Something hits you.
You die...

......#####()####....#######
...##..#####...##........%.#
... ##.........##..........#
.. ########...............#
{..# #.#>#...........#
#..###.#.#.>..).......
###..........))).......
#...........##.........
..##.......♣##........#
#.......)##........#
#.....#..##........#
##.....#..###########
#.#..##.[......#
#...†........#...#
.....#.###......# #..
####... #......# . #...
##.....#


There were no monsters in sight!

Vanquished Creatures
  Pikel (D:4)
  A gargoyle (D:10)
  2 two-headed ogres
  4 hornets (D:9)
  A hippogriff (D:9)
  Grinder (D:3)
  Sigmund (D:3)
  A water elemental (D:10)
  2 wraiths (Ossuary)
  A wyvern (D:8)
  3 yaks
  2 wargs (D:9)
  Duvessa (D:5)
  2 slaves (D:3)
  4 orc warriors
  4 ice beasts
  3 sky beasts
  A black bear (D:10)
  4 ogres
  4 phantoms
  9 centaurs
  4 big kobolds
  3 bullfrogs
  Dowan (D:5)
  A water moccasin skeleton (D:7)
  6 killer bees (D:7)
  6 wights
  3 howler monkeys
  2 crimson imps
  7 hounds
  11 orc priests
  A centaur skeleton (D:10)
  3 jellies
  2 bullfrog skeletons
  14 orc wizards
  An iguana (D:6)
  Ijyb (D:3)
  8 worker ants
  A mummy (D:8)
  A worker ant zombie (D:10)
  Robin (D:2)
  10 gnolls
  10 adders
  2 adder zombies (Ossuary)
  An adder skeleton (D:6)
  3 worms
  2 dart slugs
  4 leopard geckos
  31 orcs
  A ball python (D:3)
  7 giant cockroaches
  10 goblins
  6 hobgoblins
  9 jackals
  30 kobolds
  9 quokkas
  2 ball python skeletons (Ossuary)
  5 bats
  2 frilled lizards
  A goblin zombie (D:8)
  A hobgoblin skeleton (Ossuary)
  2 hobgoblin zombies
  A jackal skeleton (D:4)
  A jackal zombie (D:8)
  2 kobold zombies (Ossuary)
  A leopard gecko skeleton (D:4)
  A leopard gecko zombie (D:6)
  A quokka skeleton (D:4)
  5 rats
289 creatures vanquished.

Vanquished Creatures (others)
  A gnoll (D:4)
  An orc (D:4)
2 creatures vanquished.

Grand Total: 291 creatures vanquished

Notes
Turn   | Place    | Note
-------+----------+-------------------------------------------
     0 | D:1      | Leszczynek the Formicid Fighter began the quest for the Orb.
     0 | D:1      | Reached XP level 1. HP: 18/18 MP: 1/1
   232 | D:1      | Reached XP level 2. HP: 22/24 MP: 2/2
   540 | D:1      | Reached XP level 3. HP: 29/29 MP: 3/3
   974 | D:2      | Noticed Robin
  1228 | D:2      | Killed Robin
  1228 | D:2      | Reached skill level 3 in Axes
  1228 | D:2      | Reached XP level 4. HP: 37/37 MP: 4/4
  1458 | D:2      | Reached skill level 4 in Armour
  2000 | D:3      | Noticed Ijyb
  2010 | D:3      | Killed Ijyb
  2010 | D:3      | Reached skill level 4 in Fighting
  2010 | D:3      | Reached XP level 5. HP: 38/42 MP: 5/5
  2130 | D:3      | Noticed Sigmund
  2141 | D:3      | Killed Sigmund
  2141 | D:3      | Reached skill level 4 in Axes
  2141 | D:3      | Reached XP level 6. HP: 49/49 MP: 6/6
  2334 | D:3      | Noticed Grinder
  2350 | D:3      | Killed Grinder
  2350 | D:3      | Reached skill level 5 in Fighting
  2350 | D:3      | Reached skill level 5 in Axes
  2350 | D:3      | Reached skill level 5 in Armour
  2350 | D:3      | Reached XP level 7. HP: 53/56 MP: 7/7
  2678 | D:4      | Noticed Pikel
  2735 | D:3      | Gained mutation: You are resistant to electric shocks. (rElec) [potion of mutation]
  2735 | D:3      | Gained mutation: You are resistant to hostile enchantments. (MR+) [potion of mutation]
  2735 | D:3      | Gained mutation: Your flesh is heat resistant. (rF+) [potion of mutation]
  3156 | D:4      | You fall through a shaft for 2 floors!
  3156 | D:6      | Noticed a yak
  3156 | D:6      | Noticed a yak
  3156 | D:6      | Noticed a yak
  3225 | D:5      | Entered Level 5 of the Dungeon
  3455 | D:5      | Reached skill level 4 in Shields
  3464 | D:5      | Reached skill level 6 in Axes
  3612 | D:5      | Noticed Dowan
  3613 | D:5      | Noticed Duvessa
  3636 | D:5      | Killed Duvessa
  3636 | D:5      | Reached XP level 8. HP: 34/62 MP: 8/8
  3641 | D:5      | Killed Dowan
  3858 | D:5      | Reached skill level 7 in Axes
  4452 | D:6      | Reached skill level 8 in Axes
  4571 | D:4      | Killed Pikel
  4571 | D:4      | Reached skill level 9 in Axes
  4571 | D:4      | Reached XP level 9. HP: 46/68 MP: 9/9
  4815 | D:4      | Found a staircase to the Ecumenical Temple.
  4905 | Temple   | Entered the Ecumenical Temple
  4998 | Temple   | Became a worshipper of Warmaster Okawaru
  5231 | D:6      | Reached skill level 10 in Axes
  5519 | D:6      | Reached * piety under Okawaru
  5519 | D:6      | Reached skill level 11 in Axes
  5989 | D:6      | Reached XP level 10. HP: 63/74 MP: 10/10
  6370 | D:7      | Reached skill level 12 in Axes
  6504 | D:6      | Reached ** piety under Okawaru
  6940 | D:7      | Reached skill level 13 in Axes
  6961 | D:7      | Found Rukes's Gadget Boutique.
  7068 | D:7      | Got a distressingly furry scale mail
  7079 | D:7      | Identified the cursed +1 scale mail of Death Resistance {+Inv} (You found it on level 7 of the Dungeon)
  7769 | D:8      | Reached skill level 6 in Fighting
  7865 | D:8      | Found a sand-covered staircase.
  7875 | Ossuary  | Entered an ossuary
  8149 | Ossuary  | Reached *** piety under Okawaru
  8149 | Ossuary  | Reached skill level 5 in Shields
  8668 | D:9      | Reached XP level 11. HP: 61/83 MP: 8/11
  8963 | D:9      | Reached skill level 7 in Fighting
  8963 | D:9      | Reached skill level 6 in Shields
  9054 | D:9      | Found a staircase to the Lair.
  9221 | D:9      | Reached skill level 7 in Shields
  9637 | D:10     | Entered Level 10 of the Dungeon
 10148 | D:10     | Reached skill level 8 in Shields
 10172 | D:10     | Reached skill level 8 in Fighting
 10251 | D:10     | Noticed an unseen horror
 10263 | D:10     | HP: 12/129 [something (5)]
 10266 | D:10     | HP: 5/129 [something (6)]
 10272 | D:10     | HP: 5/129 [something (3)]
 10275 | D:10     | HP: 2/129 [something (4)]
 10278 | D:10     | Slain by an unseen horror

Skill      XL: |  1  2  3  4  5  6  7  8  9 10 11 |
---------------+----------------------------------+-----
Axes           | 3 4 5 6 9 11 13 | 13.9
Armour         | 4 5 |  5.6
Fighting       | 4 5 6 8 |  8.1
Shields        | 4 5 8 |  8.5

Action                   |  1- 3 |  4- 6 |  7- 9 | 10-12 || total
-------------------------+-------+-------+-------+-------++-------
Melee: War axe           |   119 |    84 |   362 |   609 ||  1174
Invok: Heroism           |       |       |       |    10 ||    10
 Abil: Shaft Self        |       |       |     1 |       ||     1
  Use: Potion            |       |     3 |     5 |     6 ||    14
       Scroll            |       |       |    11 |     4 ||    15
 Stab: Distracted        |     1 |       |       |       ||     1
  Eat: Chunk             |       |     5 |    13 |    10 ||    28
       Pizza             |       |       |       |     2 ||     2
Armor: Scale mail        |    51 |    30 |   125 |       ||   206
       Skin              |       |       |     7 |    20 ||    27
       Chain mail        |       |       |    56 |   236 ||   292
       Plate armour      |       |       |       |    26 ||    26
Dodge: Dodged            |    35 |    22 |    89 |   120 ||   266
Block: Shield            |    78 |    39 |   176 |   306 ||   599
